SAA
LANCASTER FARMERS @ ATLANTIC CITY SONICS
08/19/2030
 
TOP OF THE 1ST
Lancaster Farmers batting - Pitching for Atlantic City Sonics : RHP Norberto Concepción
Pitching: RHP Norberto Concepción
Batting: RHB Ramón Soto 0-0: Foul Ball, location: 2F
0-1: Called Strike
0-2: Strikes out looking
Batting: RHB Kasper Schuilenberg 0-0: Swinging Strike
0-1: Ball
1-1: Foul Ball, location: 2F
1-2: Strikes out looking
Batting: LHB Manuel Núñez 0-0: Ball
1-0: Foul Ball, location: 2F
1-1: Called Strike
1-2: Foul Ball, location: 2F
1-2: Ball
2-2: Ball
3-2: Base on Balls
Batting: RHB Ramón Degollado 0-0: Fly out, F9 (Flyball, 9D)
Top of the 1st over - 0 runs, 0 hits, 0 errors, 1 left on base; Lancaster 0 - Atlantic City 0
BOTTOM OF THE 1ST
Atlantic City Sonics batting - Pitching for Lancaster Farmers : LHP Sergio Zamora
Pitching: LHP Sergio Zamora
Batting: RHB Thurman Blumer 0-0: Called Strike
0-1: Foul Ball, location: 2F
0-2: SINGLE (Line Drive, 78M)
Batting: RHB José Rodríguez 0-0: Foul Ball, location: 2F
0-1: Ball
1-1: Ball
2-1: Ball
3-1: Base on Balls
Thurman Blumer to second
Batting: RHB Eddie Sachs 0-0: Ball
1-0: Fly out, F8 (Flyball, 8LD)
Batting: LHB Kelvin Abbott 0-0: Called Strike
0-1: Ball
1-1: Ball
2-1: SINGLE (Line Drive, 4D)
Thurman Blumer to third
José Rodríguez to second
Runner from 3rd tries for Home, SAFE, no throw
Batting: RHB Alejandro Sánchez 0-0: Called Strike
0-1: Called Strike
0-2: Ball
1-2: Strikes out swinging
Batting: LHB Juan Ledezma Balk!
José Rodríguez to third
Kelvin Abbott to second
0-0: Called Strike
0-1: Foul Ball, location: 2F
0-2: Ball
1-2: Ball
2-2: Strikes out swinging
Bottom of the 1st over - 1 run, 2 hits, 0 errors, 2 left on base; Lancaster 0 - Atlantic City 1
TOP OF THE 2ND
Lancaster Farmers batting - Pitching for Atlantic City Sonics : RHP Norberto Concepción
Batting: RHB Hou Kong 0-0: Swinging Strike
0-1: Foul Ball, location: 2F
0-2: Ball
1-2: Strikes out looking
Batting: RHB Bogumil Tiwontschik 0-0: Ball
1-0: Foul Ball, location: 2F
1-1: Foul Ball, location: 2F
1-2: Ball
2-2: Foul Ball, location: 2F
2-2: Foul Ball, location: 2F
2-2: SINGLE (Flyball, 8RS)
Batting: RHB Marcel Roks 0-0: Ball
1-0: Called Strike
1-1: Foul Ball, location: 2F
1-2: Strikes out swinging
Bogumil Tiwontschik steals 2nd base
Batter strikes out.
Batting: RHB José Xirau 0-0: SINGLE (Flyball, 8LS)
Bogumil Tiwontschik to third
Runner from 3rd tries for Home, throw and OUT!
Top of the 2nd over - 0 runs, 2 hits, 0 errors, 1 left on base; Lancaster 0 - Atlantic City 1
BOTTOM OF THE 2ND
Atlantic City Sonics batting - Pitching for Lancaster Farmers : LHP Sergio Zamora
Batting: LHB José Pacheco 0-0: Swinging Strike
0-1: Ball
1-1: Fly out, F7 (Flyball, 7S)
Batting: RHB Randy Sheffield 0-0: Foul Ball, location: 2F
0-1: Swinging Strike
0-2: Fly out, F6 (Line Drive, 6)
Batting: RHB Malcolm Campbell 0-0: Called Strike
0-1: Called Strike
0-2: Ball
1-2: Ball
2-2: Foul Ball, location: 2F
2-2: SINGLE (Line Drive, 4M)
Batting: RHB Thurman Blumer 0-0: Ball
1-0: Ball
2-0: Ball
3-0: Base on Balls
Malcolm Campbell to second
Batting: RHB José Rodríguez 0-0: Swinging Strike
0-1: Foul Ball, location: 2F
0-2: Foul Ball, location: 2F
0-2: Ball
1-2: Ball
2-2: Hit by Pitch
Malcolm Campbell to third
Thurman Blumer to second
Batting: RHB Eddie Sachs 0-0: Ball
1-0: TRIPLE (Flyball, 9LD)
Malcolm Campbell scores
Thurman Blumer scores
José Rodríguez scores
Batting: LHB Kelvin Abbott 0-0: Fly out, F9 (Flyball, 9)
Bottom of the 2nd over - 3 runs, 2 hits, 0 errors, 1 left on base; Lancaster 0 - Atlantic City 4
TOP OF THE 3RD
Lancaster Farmers batting - Pitching for Atlantic City Sonics : RHP Norberto Concepción
Batting: RHB Gabe Cain 0-0: Swinging Strike
0-1: Ball
1-1: Foul Ball, location: 2F
1-2: Strikes out swinging
Batting: RHB Ramón Soto 0-0: Ball
1-0: Foul Ball, location: 2F
1-1: Called Strike
1-2: Ball
2-2: Ball
3-2: Strikes out swinging
Batting: RHB Kasper Schuilenberg 0-0: Fly out, F8 (Flyball, 89D)
Top of the 3rd over - 0 runs, 0 hits, 0 errors, 0 left on base; Lancaster 0 - Atlantic City 4
BOTTOM OF THE 3RD
Atlantic City Sonics batting - Pitching for Lancaster Farmers : LHP Sergio Zamora
Batting: RHB Alejandro Sánchez 0-0: Ball
1-0: Foul Ball, location: 2F
1-1: Ball
2-1: Ball
3-1: Base on Balls
Batting: LHB Juan Ledezma 0-0: Swinging Strike
0-1: Ball
1-1: Ball
2-1: Foul Ball, location: 2F
2-2: Ball
3-2: Base on Balls
Alejandro Sánchez to second
Batting: LHB José Pacheco 0-0: Ball
1-0: Foul Ball, location: 2F
1-1: Swinging Strike
1-2: Ball
2-2: Ball
3-2: Fly out, F8 (Flyball, 8RD)
Batting: RHB Randy Sheffield 0-0: Fly out, F7 (Flyball, 7D)
Batting: RHB Malcolm Campbell 0-0: Fly out, F9 (Flyball, 9LS)
Bottom of the 3rd over - 0 runs, 0 hits, 0 errors, 2 left on base; Lancaster 0 - Atlantic City 4
TOP OF THE 4TH
Lancaster Farmers batting - Pitching for Atlantic City Sonics : RHP Norberto Concepción
Batting: LHB Manuel Núñez 0-0: Ball
1-0: Called Strike
1-1: Ball
2-1: Ball
3-1: Fly out, F7 (Flyball, 78XD)
Batting: RHB Ramón Degollado 0-0: Called Strike
0-1: Called Strike
0-2: Foul Ball, location: 2F
0-2: Foul Ball, location: 2F
0-2: Strikes out swinging
Batting: RHB Hou Kong 0-0: Foul Ball, location: 2F
0-1: Ball
1-1: Ball
2-1: Foul Ball, location: 2F
2-2: Foul Ball, location: 2F
2-2: Foul Ball, location: 2F
2-2: Ball
3-2: Fly out, F8 (Flyball, 8LM)
Top of the 4th over - 0 runs, 0 hits, 0 errors, 0 left on base; Lancaster 0 - Atlantic City 4
BOTTOM OF THE 4TH
Atlantic City Sonics batting - Pitching for Lancaster Farmers : LHP Sergio Zamora
Batting: RHB Thurman Blumer 0-0: Ground out U3 (Groundball, 34)
Batting: RHB José Rodríguez 0-0: Ball
1-0: Foul Ball, location: 2F
1-1: Ball
2-1: Foul Ball, location: 2F
2-2: Ball
3-2: Foul Ball, location: 2F
3-2: Ground out 3-1 (Groundball, 34S)
Batting: RHB Eddie Sachs 0-0: Ball
1-0: Ball
2-0: Ball
3-0: Foul Ball, location: 2F
3-1: Called Strike
3-2: Fly out, F8 (Flyball, 78XD)
Bottom of the 4th over - 0 runs, 0 hits, 0 errors, 0 left on base; Lancaster 0 - Atlantic City 4
TOP OF THE 5TH
Lancaster Farmers batting - Pitching for Atlantic City Sonics : RHP Norberto Concepción
Batting: RHB Bogumil Tiwontschik 0-0: Swinging Strike
0-1: Foul Ball, location: 2F
0-2: Ball
1-2: Strikes out swinging
Batting: RHB Marcel Roks 0-0: Called Strike
0-1: Swinging Strike
0-2: Fly out, F5 (Popup, 5SF)
Batting: RHB José Xirau 0-0: SINGLE (Line Drive, 6M)
Batting: RHB Gabe Cain 0-0: SINGLE (Line Drive, 7S)
José Xirau to second
Batting: RHB Ramón Soto 0-0: Foul Ball, location: 2F
0-1: SINGLE (Flyball, 78M)
José Xirau to third
Gabe Cain to second
Runner from 3rd tries for Home, SAFE, no throw
Batting: RHB Kasper Schuilenberg 0-0: Ball
1-0: Ball
2-0: Swinging Strike
2-1: Ball
3-1: Foul Ball, location: 2F
3-2: Strikes out swinging
Top of the 5th over - 1 run, 3 hits, 0 errors, 2 left on base; Lancaster 1 - Atlantic City 4
BOTTOM OF THE 5TH
Atlantic City Sonics batting - Pitching for Lancaster Farmers : LHP Sergio Zamora
Batting: LHB Kelvin Abbott 0-0: Ball
1-0: Ball
2-0: Ball
3-0: Base on Balls
Batting: RHB Alejandro Sánchez 0-0: Ball
1-0: Called Strike
1-1: Foul Ball, location: 2F
1-2: Ball
2-2: Foul Ball, location: 2F
2-2: Strikes out looking
Batting: LHB Juan Ledezma 0-0: Swinging Strike
0-1: Ball
1-1: SINGLE (Groundball, 4) (infield hit)
Kelvin Abbott to second
Batting: LHB José Pacheco 0-0: Called Strike
Kelvin Abbott steals 3rd base
Juan Ledezma to second
0-1: Foul Ball, location: 2F
0-2: Fly out, F8 (Flyball, 89M)
Runner from 3rd tags up, SCORES, throw made
Batting: RHB Randy Sheffield 0-0: Ball
1-0: Ground out 6-3 (Groundball, 6)
Bottom of the 5th over - 1 run, 1 hit, 0 errors, 1 left on base; Lancaster 1 - Atlantic City 5
TOP OF THE 6TH
Lancaster Farmers batting - Pitching for Atlantic City Sonics : RHP Norberto Concepción
Batting: LHB Manuel Núñez 0-0: Called Strike
0-1: Ball
1-1: Ball
2-1: Called Strike
2-2: Foul Ball, location: 2F
2-2: SINGLE (Line Drive, 56D)
Batting: RHB Ramón Degollado 0-0: Foul Ball, location: 2F
0-1: SINGLE (Groundball, 56D)
Manuel Núñez to second
Batting: RHB Hou Kong 0-0: Ball
1-0: Ball
2-0: Foul Ball, location: 2F
2-1: Grounds into double play, 4-6-3 (Groundball, 4MD)
Manuel Núñez to third
Batting: RHB Bogumil Tiwontschik 0-0: Called Strike
0-1: Swinging Strike
0-2: Ball
1-2: Strikes out swinging
Top of the 6th over - 0 runs, 2 hits, 0 errors, 1 left on base; Lancaster 1 - Atlantic City 5
BOTTOM OF THE 6TH
Atlantic City Sonics batting - Pitching for Lancaster Farmers : LHP Sergio Zamora
Batting: RHB Malcolm Campbell 0-0: Fly out, F4 (Line Drive, 4)
Batting: RHB Thurman Blumer 0-0: Called Strike
0-1: Ball
1-1: Ball
2-1: Foul Ball, location: 2F
2-2: Ground out 6-3 (Groundball, 6)
Batting: RHB José Rodríguez 0-0: Ball
1-0: SINGLE (Groundball, 6MS) (infield hit)
Pitching: RHP Tim Sandaele
Batting: RHB Eddie Sachs 0-0: Fly out, F8 (Flyball, 8LM)
Bottom of the 6th over - 0 runs, 1 hit, 0 errors, 1 left on base; Lancaster 1 - Atlantic City 5
TOP OF THE 7TH
Lancaster Farmers batting - Pitching for Atlantic City Sonics : RHP Norberto Concepción
Batting: RHB Marcel Roks 0-0: Called Strike
0-1: Ball
1-1: Ball
2-1: Called Strike
2-2: Ball
3-2: Foul Ball, location: 2F
3-2: Base on Balls
Batting: RHB José Xirau 0-0: Called Strike
0-1: Ball
1-1: Reached on error, E9 (Flyball, 89M)
Marcel Roks to second
Batting: RHB Gabe Cain 0-0: Called Strike
0-1: Foul Ball, location: 2F
0-2: Ball
1-2: Ball
2-2: Strikes out swinging
Pitching: RHP Alfredo Muñóz
Batting: RHB Ramón Soto 0-0: Ball
1-0: Ball
2-0: Ball
3-0: Base on Balls
Marcel Roks to third
José Xirau to second
Batting: RHB Kasper Schuilenberg 0-0: Called Strike
0-1: Ball
1-1: Ball
2-1: Swinging Strike
2-2: Grounds into double play, 5-4-3 (Groundball, 5)
Top of the 7th over - 0 runs, 0 hits, 1 error, 2 left on base; Lancaster 1 - Atlantic City 5
BOTTOM OF THE 7TH
Atlantic City Sonics batting - Pitching for Lancaster Farmers : RHP Tim Sandaele
Batting: LHB Kelvin Abbott 0-0: SINGLE (Line Drive, 4M)
Batting: RHB Alejandro Sánchez 0-0: Ground out 6-3 (Groundball, 6M)
Kelvin Abbott to second
Batting: LHB Juan Ledezma 0-0: Called Strike
0-1: Ball
1-1: Fly out, F7 (Flyball, 7)
Batting: LHB José Pacheco 0-0: Ball
1-0: Ball
2-0: Foul Ball, location: 2F
2-1: Ball
3-1: Base on Balls
Batting: RHB Randy Sheffield 0-0: Ball
1-0: Ball
2-0: Ball
3-0: Called Strike
3-1: Swinging Strike
3-2: Foul Ball, location: 2F
3-2: Foul Ball, location: 2F
3-2: Foul Ball, location: 2F
3-2: Strikes out swinging
Bottom of the 7th over - 0 runs, 1 hit, 0 errors, 2 left on base; Lancaster 1 - Atlantic City 5
TOP OF THE 8TH
Lancaster Farmers batting - Pitching for Atlantic City Sonics : RHP Alfredo Muñóz
Batting: LHB Manuel Núñez 0-0: Ball
1-0: Foul Ball, location: 2F
1-1: Ball
2-1: Called Strike
2-2: Ball
3-2: Foul Ball, location: 2F
3-2: Foul Ball, location: 2F
3-2: Strikes out swinging
Batting: RHB Ramón Degollado 0-0: Ball
1-0: Swinging Strike
1-1: Ground out 4-3 (Groundball, 4)
Batting: RHB Hou Kong 0-0: Called Strike
0-1: Ball
1-1: Ball
2-1: Ground out 6-3 (Groundball, 6)
Top of the 8th over - 0 runs, 0 hits, 0 errors, 0 left on base; Lancaster 1 - Atlantic City 5
BOTTOM OF THE 8TH
Atlantic City Sonics batting - Pitching for Lancaster Farmers : RHP Tim Sandaele
Batting: RHB Malcolm Campbell 0-0: Ball
1-0: Foul Ball, location: 2F
1-1: Foul Ball, location: 2F
1-2: Fly out, F4 (Line Drive, 4)
Batting: RHB Thurman Blumer 0-0: Ball
1-0: Foul Ball, location: 2F
1-1: Foul Ball, location: 2F
1-2: Foul Ball, location: 2F
1-2: Ball
2-2: SINGLE (Line Drive, 56D)
Batting: RHB José Rodríguez 0-0: Ground out 4-3 (Groundball, 4)
Thurman Blumer to second
Batting: RHB Eddie Sachs 0-0: Ball
1-0: Fly out, F8 (Flyball, 8LXD)
Bottom of the 8th over - 0 runs, 1 hit, 0 errors, 1 left on base; Lancaster 1 - Atlantic City 5
TOP OF THE 9TH
Lancaster Farmers batting - Pitching for Atlantic City Sonics : RHP Alfredo Muñóz
Batting: RHB Bogumil Tiwontschik 0-0: SINGLE (Groundball, 6MD)
Batting: RHB Marcel Roks 0-0: Foul Ball, location: 2F
0-1: SINGLE (Line Drive, 5L)
Bogumil Tiwontschik to second
Batting: RHB José Xirau 0-0: Called Strike
0-1: Ball
1-1: Fielders Choice at 2nd, 5-4 (Groundball, 56)
Bogumil Tiwontschik to third
Batting: RHB Gabe Cain 0-0: Ball
1-0: Called Strike
1-1: Fly out, F7 (Flyball, 78S)
Batting: RHB Ramón Soto 0-0: Called Strike
0-1: Foul Ball, location: 2F
0-2: Strikes out swinging
Top of the 9th over - 0 runs, 2 hits, 0 errors, 2 left on base; Lancaster 1 - Atlantic City 5
Sunday, March 18th, 2018 - OOTP Baseball 18.8 Build 76